 Dungeon Crawl Stone Soup version 0.30-b1-2-g02819fbbbe (webtiles) character file.

Game seed: 3404838632590774688

3055 Alarkh the Martial Artist (level 9, -3/65 HPs)
             Began as a Demonspawn Warper on May 26, 2023.
             Slain by an orc warrior
             ... wielding a +0 glaive
              (7 damage)
             ... in a bailey.
             The game lasted 00:16:43 (5328 turns).

Alarkh the Martial Artist (Demonspawn Warper)       Turns: 5328, Time: 00:16:43

Health: -3/65      AC: 13    Str: 13    XL:     9   Next: 57%
Magic:  12/12      EV: 11    Int: 23    God:
Gold:   886        SH:  0    Dex: 14    Spells: 7/12 levels left

rFire   . .          .
                       - Unarmed
rCold   . . .        (no shield)
rNeg    . . .        v - +1 ring mail
rPois   .            o - +0 helmet
rElec   +            y - scarf {repulsion}
rCorr   .            (no gloves)
SInv    +            (no boots)
Will    .....        (no amulet)
Stlth   ++           e - ring of see invisible
HPRegen 0.30/turn    m - ring of Ycichel {AC+4 Str+3 Dex+2}
MPRegen 0.13/turn

%: repel missiles, clarity
@: no status effects
A: claws 1, icy blue scales 1, powered by death 2, clarity, clever 1, screaming
1, electricity resistance
a: no special abilities


You were in a bailey.
You visited 1 branch of the dungeon, and saw 7 of its levels.
You also visited: Bailey.

You collected 886 gold pieces.

Inventory:

Hand Weapons
 b - a +1 sling
 w - a +0 shortbow
 A - the +4 flail of Action {flame, Str+3}
   (You found it on level 5 of the Dungeon)

   Str:       It affects your strength (+3).
Missiles
 D - a throwing net
Armour
 a - a +0 leather armour
 o - a +0 helmet (worn)
 v - a +1 ring mail (worn)
 y - a scarf of repulsion (worn)
Jewellery
 e - a ring of see invisible (left claw)
 m - the ring of Ycichel (right claw) {AC+4 Str+3 Dex+2}
   (You acquired it on level 4 of the Dungeon)

   [ring of protection]

   AC:        It affects your AC (+4).
   Str:       It affects your strength (+3).
   Dex:       It affects your dexterity (+2).
 t - a +6 ring of intelligence
Scrolls
 d - a scroll of amnesia
 f - a scroll of fear {unknown}
 g - a scroll of vulnerability {unknown}
 i - 5 scrolls of fog
 j - a scroll of blinking
 n - a scroll of poison {unknown}
 r - a scroll of identify
 s - a scroll of enchant armour
 z - a scroll of silence {unknown}
 C - a scroll of enchant weapon
Potions
 c - 3 potions of brilliance
 h - a potion of mutation
 k - 5 potions of heal wounds
 l - a potion of flight
 p - a potion of degeneration
 x - a potion of attraction {unknown}
 B - a potion of curing
 E - a potion of magic {unknown}


   Skills:
 + Level 3.7 Fighting
 - Level 0.8 Throwing
 + Level 3.0 Armour
 + Level 3.4 Dodging
 + Level 3.1 Stealth
 * Level 10.8 Unarmed Combat
 - Level 2.0 Spellcasting
 - Level 2.6 Translocations


You had 7 spell levels left.
You knew the following spells:

 Your Spells              Type           Power      Damage    Failure   Level
a - Blink                 Tloc           28%        N/A       13%         2
b - Vhi's Electric Charg  Tloc/Air       16%        N/A       41%         3

Your spell library contained the following spells:

 Spells                   Type           Power      Damage    Failure   Level
 Lesser Beckoning         Tloc           28%        N/A       13%         2
 Necrotise                Necr           8%         1d4       26%         1
 Shock                    Conj/Air       8%         1d3       26%         1
 Summon Small Mammal      Summ           8%         N/A       26%         1
 Teleport Other           Tloc           14%        N/A       26%         3
 Sublimation of Blood     Necr           2%         N/A       36%         2
 Wereblood                Tmut           2%         N/A       36%         2
 Vampiric Draining        Necr           2%         2d6       61%         3
 Manifold Assault         Tloc           14%        N/A       65%         4
 Summon Lightning Spire   Summ/Air       2%         N/A       95%         4
 Summon Forest            Summ/Tloc      4%         N/A       99%         5
 Storm Form               Tmut/Air       1%         N/A       100%        7
 Summon Hydra             Summ           1%         N/A       100%        7
 Maxwell's Capacitive Co  Air            1%         ∞         100%        8
 Dragon's Call            Summ           1%         N/A       100%        9


Dungeon Overview and Level Annotations

Branches:
Dungeon (7/15)             Bailey (1/1)
 Temple: D:4-7

Altars:
Ashenzari

Annotations:
D:6 1 runed translucent door, exclusion: hornet, Crazy Yiuf


Innate Abilities, Weirdness & Mutations

You have sharp fingernails.
You are partially covered in icy blue scales. (AC +2)
You regenerate health from kills.
You possess an exceptional clarity of mind.
Your mind is acute. (Int +4, Str/Dex -1)
You occasionally shout uncontrollably at your foes.
You are resistant to electric shocks. (rElec)


Message History

Your Armour skill increases to level 3!
You scratch the orc knight but do no damage.
You claw the orc knight, but do no damage.
The orc knight is heavily wounded.
The orc warrior misses you.
The orc knight hits you with a +0 trident!!
* * * LOW HITPOINT WARNING * * *
Okay, then.
The orc knight hits you but does no damage.
Things that are here:
a +0 spear; a +0 scale mail; an orc corpse You claw the orc!
You kill the orc!
The orc warrior barely misses you.
As you read the scroll of teleportation, it crumbles to dust.
You feel strangely unstable. The orc warrior misses you.
You see here a +0 war axe.
Your surroundings seem slightly different.
The orc no longer looks unusually strong.
Okay, then.
The orc warrior barely misses you.
The orc warrior no longer looks unusually strong.
The orc hits you from afar with a +0 spear.
* * * LOW HITPOINT WARNING * * *
The orc warrior shouts!
There is an open door here.
Blink to where?
Press: ? - help, Dir - move target
As you read the scroll of blinking, it crumbles to dust.
The orc closely misses you.
Search for what [Enter for "mut", or ? for help]? .
The orc warrior closely misses you. The orc hits you but does no damage.
The orc warrior closely misses you.
The orc warrior hits you from afar with a +0 glaive.
* * * LOW HITPOINT WARNING * * *
Items here: ! ) [ †.
k - 5 potions of heal wounds The orc warrior hits you from afar with a +0 glaive!
You die...

###### ####### ######
#.....#########.....## ##...))
o......#.....#.......######....)#
....#o.'.....'...##..#....#.o).##
...o...'.....'....8..)))..'.o.).8
....#o.'o....)...##o)#.)..#.o..##
.....oo#.....#..@.o..######.....#
#....o#########...o.## ##.....
###### ####### ######


You could see 2 orc warriors and an orc.

Vanquished Creatures
  Grinder (D:5)
  Sigmund (D:4)
  Eustachio (D:5)
  A steam dragon (D:7)
  2 water moccasins
  5 orc warriors (Bailey)
  3 black bears
  A sky beast (D:7)
  3 ogres
  Blork the orc (D:6)
  A scorpion (D:6)
  3 wights (D:6)
  4 killer bees
  A hound (D:6)
  2 jellies
  An orc priest (D:3)
  2 gnoll boudas
  2 iguanas
  Robin (D:3)
  12 gnolls
  11 adders
  A shadow imp (D:5)
  A white imp (D:5)
  2 worms
  A dart slug (D:2)
  25 orcs
  7 ball pythons
  8 endoplasms
  4 giant cockroaches
  18 goblins
  15 hobgoblins
  8 jackals
  5 kobolds
  2 quokkas
  10 bats
  3 frilled lizards
  6 rats
175 creatures vanquished.

Vanquished Creatures (collateral kills)
  An orc warrior (Bailey)
  4 orcs (Bailey)
  A ball python (D:2)
6 creatures vanquished.

Vanquished Creatures (others)
  An orc (D:7)
  2 plants (D:1)
3 creatures vanquished.

Grand Total: 184 creatures vanquished

Notes
Turn   | Place    | Note
-------+----------+-------------------------------------------
     0 | D:1      | Alarkh the Demonspawn Warper began the quest for the Orb.
     0 | D:1      | Reached XP level 1. HP: 16/16 MP: 3/3
    44 | D:1      | Reached skill level 2 in Unarmed Combat
   128 | D:1      | Gained mutation: You regenerate a little health from kills.
                  | [demonic ancestry]
   128 | D:1      | Reached XP level 2. HP: 8/22 MP: 5/5
   187 | D:1      | Found a faded altar of an unknown god.
   208 | D:1      | Got Plato's Disquisition on the Missiles
   407 | D:1      | Reached skill level 3 in Unarmed Combat
   432 | D:1      | Reached XP level 3. HP: 25/27 MP: 6/6
   723 | D:2      | HP: 2/40 [poisoned by an adder]
   893 | D:2      | Gained mutation: You regenerate health from kills. [demonic
                  | ancestry]
   893 | D:2      | Reached XP level 4. HP: 33/33 MP: 7/7
   908 | D:2      | Reached skill level 4 in Unarmed Combat
  1350 | D:3      | Noticed Robin
  1400 | D:3      | Killed Robin
  1476 | D:3      | Reached XP level 5. HP: 28/38 MP: 8/8
  1490 | D:3      | Reached skill level 5 in Unarmed Combat
  1698 | D:3      | Noticed an ogre
  1855 | D:3      | Learned a level 2 spell: Blink
  1865 | D:3      | Learned a level 3 spell: Vhi's Electric Charge
  2159 | D:4      | Noticed Sigmund
  2454 | D:3      | Killed an ogre
  2455 | D:3      | Reached skill level 6 in Unarmed Combat
  2455 | D:3      | Gained mutation: You have sharp fingernails. [demonic
                  | ancestry]
  2455 | D:3      | Reached XP level 6. HP: 30/44 MP: 9/9
  2655 | D:4      | Identified 2 scrolls of acquirement
  2655 | D:4      | Acquired 408 gold pieces
  2658 | D:4      | Acquired the ring of Ycichel {AC+4 Str+3 Dex+2}
  2843 | D:4      | Killed Sigmund
  2848 | D:4      | Reached skill level 7 in Unarmed Combat
  3326 | D:4      | Reached XP level 7. HP: 50/50 MP: 10/10
  3413 | D:5      | Entered Level 5 of the Dungeon
  3417 | D:5      | Identified the +4 flail of Action {flame, Str+3}
  3806 | D:5      | Noticed Eustachio
  3807 | D:5      | Gained mutation: You have a pair of small antennae on your
                  | head. [potion of mutation]
  3807 | D:5      | Gained mutation: Your flesh is heat resistant. (rF+)
                  | [potion of mutation]
  3807 | D:5      | Gained mutation: You have sharp toenails. [potion of
                  | mutation]
  3815 | D:5      | Killed Eustachio
  3816 | D:5      | Reached skill level 8 in Unarmed Combat
  4015 | D:5      | Noticed Grinder
  4015 | D:5      | Paralysed by Grinder for 4 turns
  4021 | D:5      | Paralysed by Grinder for 5 turns
  4044 | D:5      | Killed Grinder
  4045 | D:5      | Reached skill level 9 in Unarmed Combat
  4045 | D:5      | Gained mutation: You are partially covered in icy blue
                  | scales. (AC +2) [demonic ancestry]
  4045 | D:5      | Reached XP level 8. HP: 33/56 MP: 11/11
  4528 | D:5      | Lost mutation: You have a pair of small antennae on your
                  | head. [potion of mutation]
  4528 | D:5      | Lost mutation: Your flesh is heat resistant. (rF+) [potion
                  | of mutation]
  4528 | D:5      | Lost mutation: You have sharp toenails. [potion of
                  | mutation]
  4528 | D:5      | Gained mutation: You have hidden genetic defects. [potion
                  | of mutation]
  4528 | D:5      | Gained mutation: You are resistant to electric shocks.
                  | (rElec) [potion of mutation]
  4625 | D:6      | Noticed Blork the orc
  4632 | D:6      | Killed Blork the orc
  4652 | D:6      | Found a runed translucent door.
  4653 | D:6      | Noticed Crazy Yiuf
  4710 | D:6      | Reached skill level 10 in Unarmed Combat
  4785 | D:6      | Reached skill level 1 in Armour
  4866 | D:6      | Gained mutation: Your magical capacity is low. (-10% MP)
                  | [hidden defects]
  4870 | D:6      | Reached skill level 1 in Stealth
  4874 | D:6      | Noticed a hornet
  4960 | D:6      | Gained mutation: You occasionally lose the ability to drink
                  | potions when taking damage. [hidden defects]
  4960 | D:6      | Lost mutation: You have hidden genetic defects. [hidden
                  | defects expressed]
  4997 | D:7      | Reached XP level 9. HP: 58/62 MP: 10/10
  5020 | D:7      | Lost mutation: You occasionally lose the ability to drink
                  | potions when taking damage. [potion of mutation]
  5020 | D:7      | Lost mutation: You are resistant to electric shocks.
                  | (rElec) [potion of mutation]
  5020 | D:7      | Lost mutation: Your magical capacity is low. (-10% MP)
                  | [potion of mutation]
  5020 | D:7      | Gained mutation: You possess an exceptional clarity of
                  | mind. [potion of mutation]
  5020 | D:7      | Gained mutation: Your mind is acute. (Int +4, Str/Dex -1)
                  | [potion of mutation]
  5020 | D:7      | Gained mutation: You occasionally shout uncontrollably at
                  | your foes. [potion of mutation]
  5020 | D:7      | Gained mutation: You are resistant to electric shocks.
                  | (rElec) [potion of mutation]
  5024 | D:7      | Got the Secrets of Convocation and the Damned
  5032 | D:7      | Found a broken altar of Ashenzari.
  5106 | D:7      | Found a flagged portal.
  5150 | Bailey   | Entered a bailey
  5256 | Bailey   | Noticed an orc knight
  5265 | Bailey   | Noticed an orc knight
  5324 | Bailey   | HP: 3/65 [orc warrior/+0 glaive (5)]
  5328 | Bailey   | Slain by an orc warrior

Illustrated notes

Levels and vault maps discovered:
D:1:      saegor_arrival_simple_a, layout_basic,
          shapermc_ecumenical_altar_rom_forum
D:2:      layout_basic, amethyst_killhole
D:3:      layout_loops_ring, kennysheep_doodads, minmay_ogre_servants,
          uniq_robin
D:4:      layout_cave_pods, lemuel_coloured_pillars_altar, uniq_sigmund
D:5:      kennysheep_spiral_hall, layout_basic, kennysheep_donut,
          uniq_eustachio, uniq_grinder
D:6:      layout_rooms, uniq_crazy_yiuf_cottage, uniq_blork_the_orc
D:7:      layout_basic, cheibrodos_ashenzari_chains,
          minmay_temple_entry_overgrown, enter_bailey_8, uniq_duvessa
Bailey:   bailey_polearm_5, bailey

Skill      XL: |  1  2  3  4  5  6  7  8  9 |
---------------+----------------------------+-----
Unarmed Combat | 2 3 4 6 7 9 10 | 10.8
Armour         | 1 3 |  3.0
Dodging        | 2 3 |  3.4
Stealth        | 1 3 |  3.1
Fighting       | 3 |  3.7
Throwing       | |  0.8
Spellcasting   | |  2.0
Translocations | |  2.6

Action                     |  1- 3 |  4- 6 |  7- 9 || total
---------------------------+-------+-------+-------++-------
  Melee: Unarmed           |   145 |   306 |   229 ||   680
         Punch             |       |     4 |    15 ||    19
         Kick              |       |       |     9 ||     9
   Fire: Sling             |       |    47 |    15 ||    62
         Shortbow          |       |     1 |       ||     1
  Throw: Boomerang         |     6 |     1 |       ||     7
  Evoke: Wand              |       |     4 |     2 ||     6
    Use: Scroll            |     2 |     4 |     7 ||    13
         Potion            |     2 |     3 |    13 ||    18
   Stab: Sleeping          |     1 |       |       ||     1
 Armour: Leather armour    |    55 |    65 |       ||   120
         Skin              |     1 |    17 |       ||    18
         Ring mail         |       |     2 |    99 ||   101
  Dodge: Dodged            |   113 |   184 |   134 ||   431
         Repelled          |       |       |     2 ||     2
